 Dungeon Crawl Stone Soup version 0.29-a0-397-g846e4a0bbc (webtiles) character file.

Game seed: 9649009563966632

1003 Agony the Shield-Bearer (level 8, 0/70 HPs)
             Began as a Minotaur Fighter on May 12, 2022.
             Engulfed by a cloud of freezing vapour (18 damage)
             ... on level 5 of the Dungeon.
             The game lasted 00:08:08 (5508 turns).

Agony the Shield-Bearer (Minotaur Fighter)          Turns: 5508, Time: 00:08:09

Health: 0/70       AC: 17    Str: 29    XL:     8   Next: 0%
Magic:  7/7        EV:  8    Int:  5    God:
Gold:   199        SH:  5    Dex: 10    Spells: 7/7 levels left

rFire   . . .      SeeInvis .   k - +2 morningstar (protect)
rCold   . . .      Faith    +   c - +0 buckler
rNeg    . . .      Spirit   .   j - +0 plate armour
rPois   .          Reflect  .   (helmet restricted)
rElec   .          Harm     .   (no cloak)
rCorr   .          Rampage  .   s - +0 pair of gloves
Will    .....                   i - +2 pair of boots
Stlth   ..........              p - amulet of faith
HPRegen 0.21/turn               g - +6 ring of strength
MPRegen 0.10/turn               (no ring)

@: about to teleport
A: horns 2, retaliatory headbutt
a: no special abilities


You were on level 5 of the Dungeon.
You visited 1 branch of the dungeon, and saw 5 of its levels.

You collected 199 gold pieces.

Inventory:

Hand Weapons
 k - a +2 morningstar of protection (weapon)
Armour
 c - a +0 buckler (worn)
 i - a +2 pair of boots (worn)
 j - a +0 plate armour (worn)
 s - a +0 pair of gloves (worn)
Jewellery
 g - a +6 ring of strength (left hand)
 m - a ring of willpower
 o - a ring of ice
 p - an amulet of faith (around neck)
Scrolls
 a - a scroll of poison {unknown}
 q - 2 scrolls of fog
 r - a scroll of enchant armour
 t - a scroll of amnesia {unknown}
Potions
 b - 3 potions of curing {unknown}
 d - 2 potions of might
 f - 4 potions of flight
 h - a potion of brilliance {unknown}
 l - a potion of haste {unknown}
 n - 3 potions of lignification {unknown}
 u - a potion of invisibility {unknown}


   Skills:
 + Level 6.1 Fighting
 + Level 5.5 Maces & Flails
 + Level 6.1 Armour
 + Level 4.1 Dodging
 + Level 6.1 Shields


You had 7 spell levels left.
You didn't know any spells.
Your spell library was empty.

Dungeon Overview and Level Annotations

Branches:
Dungeon (5/15)
 Temple: D:4-7

Altars:


Innate Abilities, Weirdness & Mutations

You have a pair of horns on your head.
You reflexively headbutt those who attack you in melee.


Message History

Haldagan's ghost hits you but does no damage.
You puncture haldagan's ghost!
Haldagan's ghost is almost destroyed.
Haldagan's ghost hits you but does no damage.
You miss haldagan's ghost.
Haldagan's ghost is almost destroyed.
Haldagan's ghost barely misses you. You furiously retaliate!
You headbutt haldagan's ghost!
You destroy haldagan's ghost!
Your Fighting skill increases to level 6!
Your Armour skill increases to level 6!
Your Dodging skill increases to level 4!
Your Shields skill increases to level 6!
You have reached level 8!
You feel agile.
There is an open translucent door here.
You enter the shallow water.
Moving in this stuff is going to be slow.
You now have 199 gold pieces (gained 17).
There is an open translucent door here.
There is an open door here.
You see here a +0 hand axe.
You see here a +0 mace.
Really walk into a travel-excluded area? [Y]es or [N]o only, please.
Really walk into a travel-excluded area?
There is an open door here.
You are engulfed in freezing vapours.
You are engulfed in freezing vapours.
You are engulfed in freezing vapours.
You are engulfed in freezing vapours.
You are engulfed in freezing vapours.
You are engulfed in freezing vapours.
You are engulfed in freezing vapours.
Okay, then.
As you read the scroll of teleportation, it crumbles to dust.
You feel strangely unstable.
You are engulfed in freezing vapours.
* * * LOW HITPOINT WARNING * * *
You are engulfed in freezing vapours.
You die...

#.##............#
#......#.#
#..'...........##
########.#
####...........# #.#
######.[.#### ##.#
##.#.#################...
######################.##
##.......°°°°°°°$$))$#.#
##.###################)#
##.°°°°°@°°......°○..#)#
###################'##.#
###################....#
###### ### #<# #.# #.#


There were no monsters in sight!

Vanquished Creatures
  The ghost of Shavain the Conjurer, an amateur DgCj (D:4)
  The ghost of haldagan the Gusty, an amateur TeAE (D:5)
  A wraith (D:5)
  A black bear (D:5)
  An ogre (D:5)
  A phantom (D:5)
  An orc priest (D:4)
  4 iguanas
  An orc wizard (D:3)
  An adder (D:5)
  A shadow imp (D:4)
  2 worms
  A dart slug (D:3)
  13 orcs
  4 bats
  4 endoplasms
  8 giant cockroaches
  6 goblins
  7 hobgoblins
  2 jackals (D:2)
  4 quokkas
  7 ball pythons
  A frilled lizard (D:3)
  5 kobolds
  5 rats
83 creatures vanquished.

Notes
Turn   | Place    | Note
-------+----------+-------------------------------------------
     0 | D:1      | Agony the Minotaur Fighter began the quest for the Orb.
     0 | D:1      | Reached XP level 1. HP: 19/19 MP: 0/0
   493 | D:1      | Found a faded altar of an unknown god.
  1033 | D:2      | Reached XP level 2. HP: 27/27 MP: 1/1
  1636 | D:2      | Reached XP level 3. HP: 30/33 MP: 2/2
  2083 | D:3      | Reached skill level 1 in Dodging
  2103 | D:3      | Reached XP level 4. HP: 40/40 MP: 3/3
  3095 | D:4      | Found a large runed translucent door.
  3095 | D:4      | Found a large runed translucent door.
  3097 | D:4      | Noticed Shavain's ghost (amateur DgCj)
  3168 | D:4      | Reached XP level 5. HP: 27/47 MP: 4/4
  3769 | D:4      | Killed Shavain's ghost
  3770 | D:4      | Reached skill level 5 in Fighting
  3770 | D:4      | Reached skill level 5 in Armour
  3770 | D:4      | Reached skill level 5 in Shields
  3770 | D:4      | Reached XP level 6. HP: 36/56 MP: 5/5
  3898 | D:5      | Entered Level 5 of the Dungeon
  4137 | D:5      | Reached XP level 7. HP: 55/61 MP: 6/6
  4314 | D:5      | Reached skill level 5 in Maces & Flails
  4526 | D:5      | Found a runed translucent door.
  4531 | D:5      | Noticed haldagan's ghost (amateur TeAE)
  4605 | D:5      | Noticed a wraith
  4615 | D:5      | Killed a wraith
  5346 | D:5      | Killed haldagan's ghost
  5347 | D:5      | Reached XP level 8. HP: 70/70 MP: 7/7
  5508 | D:5      | Engulfed by a cloud of freezing vapour

Illustrated notes

Levels and vault maps discovered:
D:1:      nicolae_arrival_somewhat_less_tricky_arrival, layout_basic,
          hellmonk_ecumenical_altar_crossroads,
          nicolae_concentric_dashed_squares_mild, serial_bayou_crossing
D:2:      minmay_general_purpose_star, layout_loops_ring
D:3:      layout_loops_cross, serial_co_window_serial, co_window_paths_b,
          co_window_paths_a, co_window_of_opportunity_a, co_window_corner_a,
          co_window_paths_a, co_window_corner_a, co_window_corner_cb,
          co_window_of_opportunity_c, co_window_unsneaky_path_c,
          glass_columns_c, minmay_door_square
D:4:      layout_basic, ebering_ghost_disaster_area
D:5:      lemuel_ice_spiral_2, layout_basic, ebering_ghost_reflecting_pool

Skill      XL: |  1  2  3  4  5  6  7 |
---------------+----------------------+-----
Armour         | 4 5 6 |  6.1
Shields        | 4 5 6 |  6.1
Fighting       | 4 5 6 |  6.1
Maces & Flails | 3 4 5 |  5.5
Dodging        | 1 2 3 4 |  4.1

Action                   |  1- 3 |  4- 6 |  7- 9 || total
-------------------------+-------+-------+-------++-------
Melee: Flail             |    38 |       |       ||    38
       Headbutt          |     5 |    14 |     2 ||    21
       Morningstar       |    30 |    91 |    31 ||   152
  Use: Scroll            |     1 |     4 |     1 ||     6
Armor: Scale mail        |    11 |       |       ||    11
       Plate armour      |    23 |    58 |    21 ||   102
Dodge: Dodged            |    26 |    37 |    11 ||    74
Block: Buckler           |     8 |    15 |     2 ||    25

Table legend: (Time is in decaauts)
 A = Elapsed time spent in this place.
 B = Non-inter-level travel time spent in this place.
 C = Inter-level travel time spent in this place.
 D = Time resting spent in this place.
 E = Time spent auto-exploring this place.
 F = Levels seen in this place.
 G = Mean time per level.
                   A        B        C        D        E       F      G
               +--------+--------+--------+--------+--------+-----+--------+
         Total |   5589 |   5249 |    340 |    137 |   4449 |   5 | 1117.8 |
       Dungeon |   5589 |   5249 |    340 |    137 |   4449 |   5 | 1117.8 |
               +--------+--------+--------+--------+--------+-----+--------+

Top non-repeatable levels by time:
     D:5: 1570 daAuts
     D:4: 1076 daAuts
     D:2: 1044 daAuts
     D:1: 959 daAuts
     D:3: 939 daAuts
